 Dungeon Crawl Stone Soup version 0.25.1-2-g60ff931df9 (webtiles) character file.

Game seed: 3867014927287097759

543 Almogavar the Vexing (level 7, -4/52 HPs)
             Began as a Gnoll Arcane Marksman on Sept 20, 2020.
             Killed by divine providence
             ... invoked by an orc priest
              (14 damage)
             ... on level 4 of the Dungeon.
             The game lasted 00:16:13 (4109 turns).

Almogavar the Vexing (Gnoll Arcane Marksman)        Turns: 4109, Time: 00:16:13

Health: -4/52      AC:  5    Str: 14    XL:     7   Next: 27%
Magic:  12/12      EV: 15    Int: 16    God:
Gold:   52         SH:  0    Dex: 15    Spells: 12/13 levels left

rFire    . . .     SeeInvis .   a - +1 hand crossbow
rCold    . . .     Gourm    .   (no shield)
rNeg     . . .     Faith    .   e - +1 robe
rPois    .         Spirit   .   s - +1 helmet
rElec    .         Reflect  .   (no cloak)
rCorr    .         Harm     .   (no gloves)
MR       .....                  (no boots)
Stlth    +++.......             (no amulet)
HPRegen  0.17/turn              p - ring of stealth
MPRegen  0.13/turn              (no ring)

@: lethally poisoned (-4 -> -5)
A: distributed training, fangs 1, strong nose
a: no special abilities


You were on level 4 of the Dungeon.
You were not hungry.

You visited 1 branch of the dungeon, and saw 4 of its levels.
You also visited: Ossuary.

You collected 52 gold pieces.

Inventory:

Hand Weapons
 a - a +1 hand crossbow (weapon)
 h - a +0 whip
 j - a +0 hunting sling
 t - a +0 hunting sling
Missiles
 c - 2 atropa-tipped darts (quivered)
 q - 4 boomerangs
Armour
 e - a +1 robe (worn)
 i - a +0 leather armour
 r - a +0 scale mail
 s - a +1 helmet (worn)
Jewellery
 p - a ring of stealth (left hand)
 w - an uncursed ring of protection from fire {unknown}
Scrolls
 n - a scroll of amnesia
 o - 4 scrolls of enchant armour
 y - a scroll of magic mapping
Potions
 b - a potion of resistance
 g - 2 potions of lignification
 k - a potion of cancellation
 l - a potion of might {unknown}
 m - a potion of berserk rage
 u - 4 potions of stabbing {unknown}
 v - a potion of mutation {unknown}
 x - a potion of heal wounds {unknown}
 z - a potion of haste {unknown}
Comestibles
 f - 2 rations
 A - 4 chunks of flesh


   Skills:
 + Level 3.5 Fighting
 + Level 2.3 Short Blades
 + Level 2.3 Long Blades
 + Level 2.3 Axes
 + Level 2.3 Maces & Flails
 + Level 2.3 Polearms
 + Level 2.3 Staves
 + Level 2.3 Slings
 + Level 2.3 Bows
 + Level 5.1 Crossbows
 + Level 2.3 Throwing
 + Level 2.3 Armour
 + Level 5.1 Dodging
 + Level 2.3 Stealth
 + Level 2.3 Shields
 + Level 2.3 Unarmed Combat
 + Level 3.7 Spellcasting
 + Level 1.9 Conjurations
 + Level 5.8 Hexes
 + Level 1.9 Charms
 + Level 1.9 Summonings
 + Level 1.9 Necromancy
 + Level 1.9 Translocations
 + Level 1.9 Transmutations
 + Level 1.9 Fire Magic
 + Level 1.9 Ice Magic
 + Level 1.9 Air Magic
 + Level 1.9 Earth Magic
 + Level 1.9 Poison Magic
 + Level 2.5 Invocations
 + Level 2.3 Evocations


You had 12 spell levels left.
You knew the following spells:

 Your Spells              Type           Power        Failure   Level  Hunger
a - Corona                Hex            ###....      1%          1    None

Your spell library contained the following spells:

 Spells                   Type           Power        Failure   Level  Hunger
 Slow                     Hex            ###.....     2%          2    ##.....
 Confusing Touch          Hex            ###.....     4%          3    ###....
 Animate Skeleton         Necr           N/A          8%          1    None
 Apportation              Tloc           #.....       8%          1    None
 Summon Small Mammal      Summ           #...         8%          1    None
 Inner Flame              Hex/Fire       ###.....     11%         3    ###....
 Portal Projectile        Hex/Tloc       ###...       11%         3    ###....
 Cause Fear               Hex            ###.......   16%         4    ####...
 Gell's Gravitas          Tloc           #.........   24%         3    ###....
 Leda's Liquefaction      Hex/Erth       ###.......   34%         4    ####...
 Petrify                  Tmut/Erth      #.......     61%         4    ####...
 Metabolic Englaciation   Hex/Ice        ###.......   69%         5    ######.
 Yara's Violent Unravell  Hex/Tmut       ###.......   69%         5    ######.


Dungeon Overview and Level Annotations

Branches:
Dungeon (4/15)            Ossuary (visited)
 Temple: D:4-7

Altars:


Innate Abilities, Weirdness & Mutations

Your experience applies equally to all skills.
You have very sharp teeth.
Your uncanny sense of smell can sniff out nearby items.


Message History

Press: ? - help, Shift-Dir - straight line, f/p - orc wizard
Aim: an orc wizard, wielding a +0 dagger and wearing a +0 robe (fast, confused, blind, chance to blind on hit: 86%)
You throw an atropa-tipped dart.
The atropa-tipped dart hits the orc wizard.
The orc wizard appears confused.
The orc wizard completely misses you.
The orc priest invokes the aid of Beogh against you.
Beogh smites you!
You are too injured to fight recklessly!
You are too injured to fight recklessly!
You are too injured to fight recklessly!
Unknown command.
You feel sick.
The orc priest is no longer blind.
A worker ant comes into view.
The orc wizard seems less confused.
The orc is no longer blind.
The orc priest calls down the wrath of Beogh upon you.
Beogh smites you!
* * * LOW HITPOINT WARNING * * *
The orc priest mumbles some strange prayers to Beogh against you.
Beogh smites you!
You die...

#####.###.####..#.# #....#
#.# #...##..#.###....######
#.#####.##.......[...#....#
#...###.##....###....#....#
#...>......................
#..........................
#.#..##.##....########....#
#.................# #....#
#.........@#......# #.....
#.#..##......a....########.
####.#......#oo...........
#.
#........##.o#.#...........
##
......##......h((..........
#.###.##.##..#(#..........(
#........#.#.#####.(...
#.[####..#.### .(..
#........#.# ..


You could see a hound, a worker ant, an orc priest, an orc wizard (fast, blind)
and an orc.

Vanquished Creatures
  A wraith (Ossuary)
  An ogre (D:4)
  An orc priest (D:3)
  3 worker ants (D:4)
  A big kobold zombie (Ossuary)
  3 mummies (Ossuary)
  5 adders
  2 oozes (D:1)
  An adder skeleton (D:4)
  5 worms
  3 dart slugs
  2 leopard geckos
  10 orcs
  2 giant cockroaches
  3 goblins
  A hobgoblin (D:2)
  9 jackals
  5 kobolds
  2 quokkas (D:3)
  8 bats
  4 frilled lizards
  3 goblin zombies (Ossuary)
  5 hobgoblin zombies (Ossuary)
  4 kobold zombies (Ossuary)
  4 rats
88 creatures vanquished.

Notes
Turn   | Place    | Note
-------+----------+-------------------------------------------
     0 | D:1      | Almogavar the Gnoll Arcane Marksman began the quest for the
                  | Orb.
     0 | D:1      | Reached XP level 1. HP: 17/17 MP: 4/4
    78 | D:1      | Reached XP level 2. HP: 23/23 MP: 5/5
   201 | D:1      | Reached XP level 3. HP: 28/28 MP: 7/7
   728 | D:2      | Reached skill level 1 in Invocations
   889 | D:2      | Reached skill level 1 in Short Blades
   889 | D:2      | Reached skill level 1 in Long Blades
   889 | D:2      | Reached skill level 1 in Axes
   889 | D:2      | Reached skill level 1 in Maces & Flails
   889 | D:2      | Reached skill level 1 in Polearms
   889 | D:2      | Reached skill level 1 in Staves
   889 | D:2      | Reached skill level 1 in Slings
   889 | D:2      | Reached skill level 1 in Bows
   889 | D:2      | Reached skill level 1 in Throwing
   889 | D:2      | Reached skill level 1 in Armour
   889 | D:2      | Reached skill level 1 in Stealth
   889 | D:2      | Reached skill level 1 in Shields
   889 | D:2      | Reached skill level 1 in Unarmed Combat
   889 | D:2      | Reached skill level 1 in Evocations
   948 | D:2      | Reached XP level 4. HP: 29/34 MP: 8/8
  1341 | D:3      | Reached skill level 1 in Conjurations
  1341 | D:3      | Reached skill level 1 in Charms
  1341 | D:3      | Reached skill level 1 in Summonings
  1341 | D:3      | Reached skill level 1 in Necromancy
  1341 | D:3      | Reached skill level 1 in Translocations
  1341 | D:3      | Reached skill level 1 in Transmutations
  1341 | D:3      | Reached skill level 1 in Fire Magic
  1341 | D:3      | Reached skill level 1 in Ice Magic
  1341 | D:3      | Reached skill level 1 in Air Magic
  1341 | D:3      | Reached skill level 1 in Earth Magic
  1341 | D:3      | Reached skill level 1 in Poison Magic
  1644 | D:3      | Reached XP level 5. HP: 40/40 MP: 9/9
  2532 | D:4      | Noticed an ogre
  2559 | D:4      | Killed an ogre
  2559 | D:4      | Reached XP level 6. HP: 28/47 MP: 9/11
  2692 | D:4      | Found a sand-covered staircase.
  2699 | Ossuary  | Entered an ossuary
  2699 | Ossuary  | Noticed a wraith
  2699 | Ossuary  | Noticed a wraith
  2699 | Ossuary  | Noticed a wraith
  3033 | Ossuary  | Noticed a wraith
  3056 | Ossuary  | Killed a wraith
  3056 | Ossuary  | Reached skill level 5 in Crossbows
  3056 | Ossuary  | Reached skill level 5 in Dodging
  3056 | Ossuary  | Reached XP level 7. HP: 18/52 MP: 12/12
  3516 | Ossuary  | HP: 1/52 [mummy (16)]
  4109 | D:4      | Killed from afar by an orc priest

Illustrated notes

Levels and vault maps discovered:
D:1:      lightli_arrival_isolated_outpost, layout_rooms
D:2:      layout_rooms, serial_park_tiny_2
D:3:      layout_basic, cheibrodos_sewer_entry_bend, solitary_fountain
D:4:      layout_basic, nicolae_ossuary_entry_monument, minmay_statues_item

Skill      XL: |  1  2  3  4  5  6 |
---------------+-------------------+-----
Invocations    | 1 2 |  2.5
Short Blades   | 1 2 |  2.3
Long Blades    | 1 2 |  2.3
Axes           | 1 2 |  2.3
Maces & Flails | 1 2 |  2.3
Polearms       | 1 2 |  2.3
Staves         | 1 2 |  2.3
Slings         | 1 2 |  2.3
Bows           | 1 2 |  2.3
Throwing       | 1 2 |  2.3
Armour         | 1 2 |  2.3
Stealth        | 1 2 |  2.3
Shields        | 1 2 |  2.3
Unarmed Combat | 1 2 |  2.3
Evocations     | 1 2 |  2.3
Spellcasting   | 3 |  3.7
Conjurations   | 1 |  1.9
Charms         | 1 |  1.9
Summonings     | 1 |  1.9
Necromancy     | 1 |  1.9
Translocations | 1 |  1.9
Transmutations | 1 |  1.9
Fire Magic     | 1 |  1.9
Ice Magic      | 1 |  1.9
Air Magic      | 1 |  1.9
Earth Magic    | 1 |  1.9
Poison Magic   | 1 |  1.9
Fighting       | 3 |  3.5
Crossbows      | 5 |  5.1
Dodging        | 5 |  5.1
Hexes          | |  5.8

Action                   |  1- 3 |  4- 6 |  7- 9 || total
-------------------------+-------+-------+-------++-------
Melee: Whip              |    27 |    81 |    57 ||   165
       Bite              |     2 |    13 |     4 ||    19
 Fire: Hand crossbow     |    53 |   103 |    17 ||   173
Throw: Dart              |       |     8 |     8 ||    16
       Boomerang         |       |    13 |       ||    13
 Cast: Corona            |     1 |       |       ||     1
  Use: Scroll            |     6 |     3 |     3 ||    12
       Potion            |       |     2 |     1 ||     3
 Stab: Sleeping          |       |     1 |     1 ||     2
  Eat: Chunk             |       |     6 |     1 ||     7
       Ration            |       |       |     1 ||     1
Armor: Robe              |     3 |    28 |     5 ||    36
Dodge: Dodged            |    28 |    96 |    35 ||   159
